 Dungeon Crawl Stone Soup version 0.21.0-30-g47ce8e4cbb (webtiles) character file.

67 GuyWithAPlan the Conjurer (level 4, 0/24 HPs)
             Began as a Tengu Conjurer on Jan 29, 2018.
             Succumbed to an adder's poison
             ... on level 2 of the Dungeon.
             The game lasted 00:04:00 (1500 turns).

GuyWithAPlan the Conjurer (Tengu Conjurer)          Turns: 1500, Time: 00:04:01

Health: 0/24       AC:  4    Str:  8    XL:     4   Next: 18%
Magic:  2/9        EV: 12    Int: 16    God:
Gold:   66         SH:  0    Dex: 13    Spells: 5/8 levels left

rFire    + . .     SeeInvis .   (no weapon)
rCold    . . .     Gourm    .   (no shield)
rNeg     . . .     Faith    .   d - +0 leather armour (curse)
rPois    .         Spirit   .   (helmet restricted)
rElec    +         Reflect  .   (no cloak)
rCorr    .         Harm     .   (no gloves)
MR       .....     Rnd*Tele +   (boots unavailable)
Stlth    ++........             (no amulet)
HPRegen  0.08/turn              e - ring of teleportation (curse)
MPRegen  0.11/turn              (no ring)

@: lethally poisoned (0 -> -1), very slightly contaminated
A: beak, talons 3, rugged brown scales 1, clumsy 1, fire resistance 1,
electricity resistance, teleportitis 1
a: no special abilities


You were on level 2 of the Dungeon.
You were not hungry.

You visited 1 branch of the dungeon, and saw 2 of its levels.

You collected 66 gold pieces.

Inventory:

Armour
 a - a +0 robe
 d - a cursed +0 leather armour (worn)
Jewellery
 e - a cursed ring of teleportation (left hand)
Scrolls
 g - 2 scrolls of identify
 h - 2 scrolls of enchant armour
 l - a scroll of magic mapping
Books
 b - a book of Conjurations

   Spells                             Type                      Level
   a - Magic Dart                     Conjuration                  1
   b - Searing Ray                    Conjuration                  2
   c - Dazzling Spray                 Conjuration/Hexes            3
   d - Fulminant Prism                Conjuration/Hexes            4
   e - Force Lance                    Conjuration/Translocation    4
   f - Iskenderun's Mystic Blast      Conjuration                  4
Comestibles
 c - a ration


   Skills:
 + Level 1.3 Armour
 + Level 2.4 Dodging
 + Level 2.1 Stealth
 + Level 2.7 Spellcasting
 + Level 6.3 Conjurations


You had 5 spell levels left.
You knew the following spells:

 Your Spells              Type           Power        Failure   Level  Hunger
a - Magic Dart            Conj           ###.         1%          1    #......
b - Searing Ray           Conj           ###...       3%          2    ##.....


Dungeon Overview and Level Annotations

Branches:
Dungeon (2/15)

Altars:


Innate Abilities, Weirdness & Mutations

You have a beak for a mouth.
You have claws for feet.
You are partially covered in rugged brown scales. (AC +1, +3% HP)
You are clumsy. (Dex -2)
Your flesh is heat resistant. (rF+)
You are resistant to electric shocks. (rElec)
You are occasionally teleported next to monsters.


Message History

h - 2 scrolls of enchant armour
* * * LOW HITPOINT WARNING * * *
You feel sick.
Blink to where?
Press: ? - help, Dir - move target cursor You are very lightly contaminated with residual magic.
As you read the scroll labeled GAPYOS APA, it crumbles to dust.
It was a scroll of blinking.
You open the door.
There is an open door here.
* * * LOW HITPOINT WARNING * * *
You feel sick.
You eat one of the 2 rations.
That ration really hit the spot!
* * * LOW HITPOINT WARNING * * *
You feel sick.
You see here a scroll of identify.
g - 2 scrolls of identify (gained 1)
As you read the scroll labeled QUPUARI MEUFRI, it crumbles to dust.
You feel aware of your surroundings.
It was a scroll of magic mapping.
You die...

.#.#.#*,* ##..#
#.......#*......
.###'##,* #..#
#.......#...#..#
......#,* #.>#
#.......#%..#..#
##....#,*
#######..........###.#
......#,*
*,......%........#,#..
###...#,*
*,*#............#*,**,
..'...#,*
*,*#............#,,,*,
###.).#,*
*,##...........##,,,**
#####,*
*,#..@.....###.#,,,,,*
*,* *,#........#
*,#,,,,,*
******+****,#........#
*,,,,,,,,
*,,,,,,,,,,,#........#
******,,*
*,,,,,,,,,,,#........#
**,*
*,,,,,,,,,,,#........#
*,*
*,,,,,,,,,,,#.#..#w###
*,*
*,,,,,,,,,,,#.#)##.#
*,,
*,,,,,,,,,,,#.#†##.#
***


You could see a worm.

Vanquished Creatures
  3 adders (D:2)
  3 dart slugs
  2 leopard geckos (D:1)
  2 giant cockroaches (D:2)
  2 goblins
  A hobgoblin (D:1)
  4 jackals
  4 kobolds
  A ball python (D:1)
  5 bats
  A frilled lizard (D:1)
  5 rats
33 creatures vanquished.

Notes
Turn   | Place    | Note
-------+----------+-------------------------------------------
     0 | D:1      | GuyWithAPlan the Tengu Conjurer began the quest for the Orb.
     0 | D:1      | Reached XP level 1. HP: 10/10 MP: 4/4
   218 | D:1      | Reached XP level 2. HP: 15/15 MP: 0/6
   277 | D:1      | Learned a level 2 spell: Searing Ray
   420 | D:1      | Reached skill level 6 in Conjurations
   979 | D:1      | Reached XP level 3. HP: 19/19 MP: 5/7
  1344 | D:2      | Reached skill level 1 in Armour
  1346 | D:2      | Gained mutation: Your muscles are strong. (Str +2) [potion of mutation]
  1346 | D:2      | Gained mutation: You are occasionally teleported next to monsters. [potion of mutation]
  1346 | D:2      | Gained mutation: Your spells are a little harder to cast, but a little more powerful. [potion of mutation]
  1347 | D:2      | Lost mutation: Your muscles are strong. (Str +2) [potion of mutation]
  1347 | D:2      | Lost mutation: Your spells are a little harder to cast, but a little more powerful. [potion of mutation]
  1347 | D:2      | Gained mutation: You are resistant to electric shocks. (rElec) [potion of mutation]
  1347 | D:2      | Gained mutation: Your flesh is heat resistant. (rF+) [potion of mutation]
  1347 | D:2      | Gained mutation: You are clumsy. (Dex -2) [potion of mutation]
  1347 | D:2      | Gained mutation: You are partially covered in rugged brown scales. (AC +1, +3% HP) [potion of mutation]
  1476 | D:2      | Reached XP level 4. HP: 7/24 MP: 3/8
  1492 | D:2      | HP: 1/24 [poisoned by an adder]
  1500 | D:2      | Succumbed to an adder's poison

Skill      XL: |  1  2  3 |
---------------+----------+-----
Conjurations   | 6 |  6.3
Armour         | 1 |  1.3
Dodging        | |  2.4
Stealth        | |  2.1
Spellcasting   | |  2.7

Action                   |  1- 3 |  4- 6 || total
-------------------------+-------+-------++-------
Melee: Unarmed           |    10 |       ||    10
       Kick              |     1 |       ||     1
       Peck              |     1 |       ||     1
 Cast: Magic Dart        |    58 |     3 ||    61
       Searing Ray       |     2 |       ||     2
  Use: Potion            |     4 |       ||     4
       Scroll            |       |     3 ||     3
  Eat: Chunk             |     3 |       ||     3
       Ration            |       |     1 ||     1
Armor: Leather armour    |     9 |     1 ||    10
Dodge: Dodged            |    24 |       ||    24
